 Dungeon Crawl Stone Soup version 0.30-a0-808-g6e0788376e (webtiles) character file.

Game seed: 4526017651817525464

32 ragingrage the Shooter (level 3, -2/27 HPs)
             Began as a Mummy Hunter on Feb 25, 2023.
             Slain by a goblin
             ... wielding a +0 dagger
             ... led by Robin
              (4 damage)
             ... on level 2 of the Dungeon.
             The game lasted 00:00:33 (263 turns).

ragingrage the Shooter (Mummy Hunter)                Turns: 263, Time: 00:00:34

Health: -2/27      AC:  3    Str: 14    XL:     3   Next: 10%
Magic:  3/3        EV: 11    Int:  8    God:
Gold:   46         SH:  0    Dex: 17    Spells: 2/2 levels left

rFire   x . .      SeeInvis .    a - +0 shortbow
rCold   + . .      Faith    +    (shield currently unavailable)
rNeg    + + +      Spirit   .    c - +0 leather armour
rPois   ∞          Reflect  .    (no helmet)
rElec   .          Harm     .    (no cloak)
rCorr   .          Rampage  .    (no gloves)
Will    .....                    (no boots)
Stlth   ++                       (no amulet)
HPRegen 0.24/turn                (no ring)
MPRegen 0.08/turn                (no ring)

@: no status effects
A: cold resistance 1, negative energy resistance 3, torment resistance 2, heat
vulnerability 1, in touch with death 1, no potions, faith
a: no special abilities


You were on level 2 of the Dungeon.
You visited 1 branch of the dungeon, and saw 2 of its levels.

You collected 46 gold pieces.

Inventory:

Hand Weapons
 a - a +0 shortbow (weapon)
Armour
 c - a +0 leather armour (worn)
Scrolls
 b - a scroll of immolation


   Skills:
 - Level 2.0 Fighting
 + Level 4.2 Ranged Weapons
 - Level 1.5 Dodging
 - Level 0.7 Stealth


You had 2 spell levels left.
You didn't know any spells.
Your spell library was empty.

Dungeon Overview and Level Annotations

Branches:
Dungeon (2/15)

Altars:

Annotations:
D:2 Robin


Innate Abilities, Weirdness & Mutations

You are immune to poison.
Your flesh is cold resistant. (rC+)
You are immune to negative energy. (rN+++)
You are immune to unholy pain and torment.
You are vulnerable to heat. (rF-)
You are in touch with the powers of death.
You do not drink.
You have a special connection with the divine. (Faith)


Message History

A hobgoblin comes into view.
Robin throws the goblin at you! The goblin hits you with a +0 dagger.
A hobgoblin comes into view.
You shoot an arrow. The arrow hits the goblin.
You hear a shout!
A goblin comes into view. It is wielding a +0 dagger.
A goblin comes into view. It is wielding a +0 club.
The goblin hits you but does no damage. Robin throws the goblin at you!
The goblin closely misses you.
The goblin hits you with a +0 dagger. x2
The goblin attacks as you move away! The goblin barely misses you.
The goblin hits you with a +0 dagger. The goblin attacks as you move away!
The goblin closely misses you. The goblin attacks as you move away!
The goblin hits you with a +0 dagger. Robin throws the goblin at you!
The goblin barely misses you.
You shoot an arrow. The arrow misses the goblin.
You hear a shout!
The goblin hits you with a +0 dagger. The goblin hits you with a +0 club.
* * * LOW HITPOINT WARNING * * *
You shoot an arrow.
The arrow hits the goblin but does no damage.
The goblin closely misses you. The goblin hits you with a +0 club.
* * * LOW HITPOINT WARNING * * *
You shoot an arrow. The arrow closely misses the goblin.
The goblin hits you but does no damage. The goblin barely misses you. x2
The goblin hits you with a +0 club.
* * * LOW HITPOINT WARNING * * *
A goblin comes into view. It is wielding a +0 dagger.
You shoot an arrow. The arrow hits the goblin.
You kill the goblin!
The goblin no longer looks unusually strong.
The goblin barely misses you.
Robin roars a battlecry!
The goblin goes into a battle-frenzy!
Unknown command.
Unknown command.
You see here a +0 club.
As you read the scroll labelled RADGHO NENAMAI, it crumbles to dust.
You feel aware of your surroundings.
It was a scroll of magic mapping.
The goblin hits you with a +0 dagger.
You die...

,,,,,*,#.#.......#..#....,,,,,,,*
,,,,,..#...#............#,****,**
,,,,,...................#,****,*
,,,,,...................#,,,,,,*
*****..#.#.....######.###########
* *.........g.................#
*** *,,#...#g..####.#.#.........#
,,***,,*,##.gg#####.#.#.#####..##
,,,,,,,*,#..#ggg@...#.#.# #..#
*,***,,#.gg##########.#.# #..#
,,,,*,,#.)#* #.#.# #..#
,,,,*,....**********#.#.# #..#
,,,,#..).,,,,,,,,,,,..#.# #..#
,,,,#..#.,************#.# #.^#
,,,,.>.#,,* #.#####..#
****##**,,* #.#......#
,,,,,,,,,,* #.#.###..#


You could see a hobgoblin (strong) and 4 goblins.

Vanquished Creatures
  A worm (D:2)
  A dart slug (D:1)
  A ball python (D:1)
  An endoplasm (D:1)
  4 goblins
  5 hobgoblins
  A jackal (D:2)
  A kobold (D:1)
  A quokka (D:1)
  6 bats
  2 frilled lizards
  A rat (D:1)
25 creatures vanquished.

Notes
Turn   | Place    | Note
-------+----------+-------------------------------------------
     0 | D:1      | ragingrage the Mummy Hunter began the quest for the Orb.
     0 | D:1      | Reached XP level 1. HP: 16/16 MP: 1/1
    66 | D:1      | Reached XP level 2. HP: 22/22 MP: 2/2
   123 | D:1      | Reached skill level 4 in Ranged Weapons
   246 | D:2      | Gained mutation: You are in touch with the powers of death.
                  | [Mummy growth]
   246 | D:2      | Reached XP level 3. HP: 27/27 MP: 3/3
   250 | D:2      | Noticed Robin
   259 | D:2      | HP: 1/27 [goblin/+0 club[Robin] (6)]
   263 | D:2      | Slain by a goblin

Illustrated notes

Levels and vault maps discovered:
D:1:      lightli_arrival_lavapool, layout_rooms, minmay_small_reverse_x
D:2:      layout_basic, grunt_decor_junction, uniq_robin, uniq_sigmund

Skill      XL: |  1  2 |
---------------+-------+-----
Ranged Weapons | 4 |  4.2
Fighting       | |  2.0
Dodging        | |  1.5
Stealth        | |  0.7

Action                     || total
---------------------------++-------
   Fire: Shortbow          ||    74
    Use: Scroll            ||     1
 Armour: Leather armour    ||    13
  Dodge: Dodged            ||    35

Table legend: (Time is in decaauts)
 A = Elapsed time spent in this place.
 B = Non-inter-level travel time spent in this place.
 C = Inter-level travel time spent in this place.
 D = Time resting spent in this place.
 E = Time spent auto-exploring this place.
 F = Levels seen in this place.
 G = Mean time per level.
                   A        B        C        D        E       F      G
               +--------+--------+--------+--------+--------+-----+--------+
         Total |    287 |    287 |      0 |     21 |    139 |   2 |  143.5 |
       Dungeon |    287 |    287 |      0 |     21 |    139 |   2 |  143.5 |
               +--------+--------+--------+--------+--------+-----+--------+

Top non-repeatable levels by time:
     D:2: 144 daAuts
     D:1: 143 daAuts
